 Dungeon Crawl Stone Soup version 0.19.1-1-g22dce08 (webtiles) character file.

3471 Peloso the Slasher (level 10, -2/83 HPs)
             Began as a Ghoul Fighter on Jan 3, 2017.
             Was a Follower of Okawaru.
             Slain by a killer bee zombie (6 damage)
             ... on level 8 of the Dungeon.
             The game lasted 00:20:55 (7106 turns).

Peloso the Slasher (Ghoul Fighter)                  Turns: 7106, Time: 00:20:56

Health: -2/83      AC: 14    Str: 21    XL:     10   Next: 6%
Magic:  9/9        EV:  7    Int:  3    God:    Okawaru [*.....]
Gold:   481        SH: 14    Dex: 11    Spells: 0 memorised, 9 levels left

rFire  . . .     SeeInvis .     o - +1 falchion (freeze)
rCold  + . .     Gourm    .     A - +0 chain mail
rNeg   + + +     Faith    .     c - +1 shield
rPois  ∞         Spirit   .     j - +0 helmet
rElec  .         Reflect  +     (no cloak)
rCorr  .         Harm     .     B - +0 pair of gloves
MR     .....                    z - +0 pair of boots
Stlth  ..........               E - +3 amulet of reflection
                                (no ring)
                                h - ring of positive energy

@: rotting
A: rotting body, claws 1, carnivore 3, cold resistance 1, negative energy
resistance 3, slow regeneration 1, torment resistance, unbreathing
a: Heroism, Renounce Religion


You were on level 8 of the Dungeon.
You worshipped Okawaru.
Okawaru was aware of your devotion.
You were not hungry.

You visited 2 branches of the dungeon, and saw 9 of its levels.
You also visited: Sewer.

You collected 481 gold pieces.

Inventory:

Hand Weapons
 a - a +1 long sword
 o - a +1 falchion of freezing (weapon)
Armour
 c - a +1 shield (worn)
 j - a +0 helmet (worn)
 z - a +0 pair of boots (worn)
 A - a +0 chain mail (worn)
 B - a +0 pair of gloves (worn)
Jewellery
 h - a ring of positive energy (left hand)
 s - an uncursed amulet of guardian spirit
 E - a +3 amulet of reflection (around neck)
Wands
 u - a wand of paralysis (16/24)
 x - a wand of random effects (31/48)
 C - a wand of flame (28/48)
Scrolls
 b - 3 scrolls of identify
 d - a scroll of torment {unknown}
 g - 3 scrolls of enchant armour
 k - 2 scrolls of remove curse
 m - 4 scrolls of fear
 r - a scroll of recharging {unknown}
 v - 3 scrolls of magic mapping
 y - 2 scrolls of fog
 D - a scroll of amnesia
Potions
 e - 2 potions of resistance
 n - 5 potions of curing {unknown}
 p - a potion of cure mutation {unknown}
 q - 2 potions of agility {unknown}
 t - a potion of might
 w - a potion of haste {unknown}
 F - a potion of magic {unknown}
Comestibles
 f - 4 meat rations
 i - a chunk of flesh
 l - 2 beef jerkies


   Skills:
 + Level 6.2 Fighting
 + Level 7.7 Long Blades
 + Level 6.8 Armour
 + Level 2.4 Dodging
 + Level 0.5 Stealth
 + Level 7.0 Shields


You had 9 spell levels left.
You didn't know any spells.

Dungeon Overview and Level Annotations

Branches:
Dungeon (8/15)             Temple (1/1) D:5
   Lair: D:8-11

Altars:
Hepliaklqana
Nemelex Xobeh
Okawaru
Trog
Uskayaw
Vehumet


Innate Abilities, Weirdness & Mutations

Your body is rotting away.
You thrive on raw meat.
You are immune to poison.
You have sharp fingernails.
You are carnivorous and can eat meat at any time.
Your flesh is cold resistant. (rC+)
You are immune to negative energy. (rN+++)
You regenerate slowly when monsters are visible.
You are immune to unholy pain and torment.
You can survive without breathing.


Message History

You block the killer bee zombie's attack.
The orc shouts!
The bullfrog hits you but does no damage.
The killer bee stings you.
* * * LOW HITPOINT WARNING * * *
The killer bee zombie barely misses you.
You riposte.
You closely miss the killer bee zombie.
The killer bee zombie is heavily damaged.
You block the hippogriff's attack. The hippogriff pecks you.
* * * LOW HITPOINT WARNING * * *
The hippogriff claws you.
* * * LOW HITPOINT WARNING * * *
The bullfrog hits you but does no damage.
The killer bee zombie hits you but does no damage.
As you read the scroll of fear, it crumbles to dust.
You assume a fearsome visage.
The orc looks frightened!
The hippogriff looks frightened!
The killer bee zombie is unaffected.
The bullfrog looks frightened!
The killer bee looks frightened!
The orc looks frightened!
The killer bee zombie hits you.
You die...

.
##......########........
..#.......####### .......
#...............##
..................
.......##.....%.##
....#<.##.........
..###............ ..
#...........##..
##>###@...o...... #..#
#Z.H........
###.####..F........
#...#...yo.........
#.###..............
##.###.###..............
.........................
#.......#................
..####..###......%...#...


You could see a hippogriff (fleeing), a bullfrog (fleeing), a killer bee
(fleeing), 2 orcs and a killer bee zombie.

Vanquished Creatures
  Pikel (D:6)
  The ghost of Jerry the Skirmisher, a novice OpFi (D:5)
  A hippogriff (D:7)
  Menkaure (D:4)
  Duvessa (D:4)
  An orc warrior (D:6)
  2 black bears
  2 sky beasts (D:6)
  A necrophage (D:7)
  4 ogres
  4 bullfrogs
  Dowan (D:4)
  2 scorpions (D:4)
  A killer bee (D:8)
  2 howler monkeys
  4 crimson imps
  A hound (D:7)
  3 orc wizards
  2 jellies
  2 orc priests
  A bullfrog skeleton (D:4)
  Jessica (D:7)
  2 iguanas
  3 worker ants
  2 hound skeletons
  14 adders
  3 shadow imps
  An adder skeleton (D:4)
  4 worms
  5 dart slugs (D:1)
  13 leopard geckos
  23 orcs
  4 ball pythons
  16 giant cockroaches
  A goblin (D:1)
  7 hobgoblins
  7 jackals
  3 quokkas
  5 bats (D:1)
  13 frilled lizards
  8 kobolds
  4 rats
177 creatures vanquished.

Vanquished Creatures (others)
  A slave (D:6)
  A centaur (D:5)
  A howler monkey (D:6)
  A centaur skeleton (D:6)
  2 worker ants (D:6)
  2 hound skeletons (D:6)
  A leopard gecko (D:6)
  An orc (D:7)
  A ball python skeleton (D:6)
11 creatures vanquished.

Grand Total: 188 creatures vanquished

Notes
Turn   | Place    | Note
-------+----------+-------------------------------------------
     0 | D:1      | Peloso the Ghoul Fighter began the quest for the Orb.
     0 | D:1      | Reached XP level 1. HP: 19/19 MP: 0/0
    61 | D:1      | Reached XP level 2. HP: 11/26 MP: 1/1
   207 | D:1      | Reached XP level 3. HP: 23/31 MP: 2/2
   790 | D:2      | Reached XP level 4. HP: 38/40 MP: 3/3
  1124 | D:2      | Found a bloodstained altar of Trog.
  1659 | D:3      | Found a glowing drain.
  1682 | D:3      | Reached skill level 1 in Dodging
  1703 | Sewer    | Entered a sewer
  1724 | Sewer    | Reached XP level 5. HP: 32/46 MP: 4/4
  1952 | Sewer    | HP: 1/46 [bullfrog (2)]
  1953 | Sewer    | Reached XP level 6. HP: 2/52 MP: 5/5
  3228 | D:4      | Reached XP level 7. HP: 59/59 MP: 6/6
  3732 | D:4      | Noticed Dowan
  3734 | D:4      | Noticed Duvessa
  3740 | D:4      | Killed Duvessa
  3753 | D:4      | Killed Dowan
  3753 | D:4      | Reached skill level 5 in Long Blades
  3753 | D:4      | Reached skill level 5 in Armour
  3879 | D:4      | Reached XP level 8. HP: 67/67 MP: 7/7
  4018 | D:4      | Noticed Menkaure
  4024 | D:4      | Killed Menkaure
  4258 | D:5      | Entered Level 5 of the Dungeon
  4360 | D:5      | Found a sparkling altar of Nemelex Xobeh.
  4360 | D:5      | Found a hazy altar of Hepliaklqana.
  4362 | D:5      | Found a radiant altar of Vehumet.
  4411 | D:5      | Found a hide-covered altar of Uskayaw.
  4443 | D:5      | Reached skill level 5 in Fighting
  4547 | D:5      | Noticed Jerry's ghost (novice OpFi)
  4629 | D:6      | Noticed Pikel
  4683 | D:6      | Killed Pikel
  4683 | D:6      | Reached skill level 5 in Shields
  4683 | D:6      | Reached XP level 9. HP: 38/74 MP: 6/8
  5783 | D:5      | Found a staircase to the Ecumenical Temple.
  5787 | Temple   | Entered the Ecumenical Temple
  5803 | Temple   | Became a worshipper of Warmaster Okawaru
  5880 | D:5      | Killed Jerry's ghost
  6338 | D:7      | Reached * piety under Okawaru
  6546 | D:7      | Found a sparkling altar of Nemelex Xobeh.
  6546 | D:7      | Noticed Jessica
  6552 | D:7      | Killed Jessica
  6946 | D:7      | Reached XP level 10. HP: 81/83 MP: 9/9
  7104 | D:8      | HP: 4/83 [hippogriff (5)]
  7106 | D:8      | Slain by a killer bee zombie

Skill      XL: |  1  2  3  4  5  6  7  8  9 10 |
---------------+-------------------------------+-----
Long Blades    | 2 3 5 6 7 |  7.7
Armour         | 3 4 5 6 |  6.8
Shields        | 3 4 5 6 7 |  7.0
Dodging        | 1 2 |  2.4
Fighting       | 4 5 6 |  6.2
Stealth        | |  0.5

Action                   |  1- 3 |  4- 6 |  7- 9 | 10-12 || total
-------------------------+-------+-------+-------+-------++-------
Melee: Long sword        |   118 |   258 |   476 |       ||   852
       Falchion          |       |       |    76 |    47 ||   123
  Use: Potion            |       |     1 |     1 |       ||     2
       Scroll            |       |     6 |     8 |     2 ||    16
  Eat: Chunk             |     6 |    18 |    26 |     1 ||    51
Armor: Scale mail        |    82 |   118 |    32 |       ||   232
       Chain mail        |       |       |   200 |    69 ||   269
Dodge: Dodged            |    55 |   112 |   104 |    36 ||   307
Block: Shield            |    85 |   159 |   347 |    92 ||   683
       Reflection        |       |       |    11 |       ||    11
       Rpst.: Long sword |    15 |    34 |    26 |       ||    75
       Falchion          |       |       |     3 |     9 ||    12
